[Event "fics rated crazyhouse match"]
[Site "fics, Oklahoma City, OK USA"]
[Date "2000.02.11"]
[White "XXNoWay"]
[WhiteElo "2296"]
[Black "venomous"]
[BlackElo "2459"]
[TimeControl "60+0"]
[Result "1-0"]

1. e4 e6 2. Nc3 Nc6 3. Nf3 Nf6 4. Bb5 Bc5 5. d3 d5 6. e5 
Ng4 7. O-O O-O 8. Bxc6 bxc6 9. d4 Bb4 10. h3 Bxc3 11. bxc3 Nxf2 
12. Rxf2 N@e4 13. Be3 Nxc3 14. Qd3 Ne4 15. B@h4 P@e7 16. N@h5 B@c4 17. Qxe4 
dxe4 18. Nxg7 exf3 19. N@h6+ Kxg7 20. N@h5+ Kg6 21. Rxf3 N@e2+ 22. Kh2 Kxh5 
23. P@g4+ Kg6 24. P@h5+ Kg7 25. Bxe7 Qxe7 26. P@f6+ Kh8 27. fxe7 B@g7 28. Q@f6 
Q@g8 29. Qxg7+ Qxg7 30. B@f6 Qxf6 31. exf6 Q@g8 32. exf8=Q Qxf8 33. Q@g7+ Qxg7 
34. fxg7+ Kxg7 35. Q@g8# 
{venomous checkmated} 1-0

[Event "fics rated crazyhouse match"]
[Site "fics, Oklahoma City, OK USA"]
[Date "2000.02.11"]
[White "venomous"]
[WhiteElo "2448"]
[Black "XXNoWay"]
[BlackElo "2307"]
[TimeControl "60+0"]
[Result "0-1"]

1. e4 e5 2. Nf3 Nf6 3. Bc4 d6 4. d3 Be7 5. Nc3 O-O 6. Bg5 
Nc6 7. O-O Bg4 8. Bxf6 Bxf6 9. h3 Bxf3 10. Qxf3 Nd4 11. Qd1 B@b4 
12. B@d5 Bxc3 13. bxc3 N@e2+ 14. Kh1 Nxc3 15. Qe1 Nxd5 16. Bxd5 P@f3 17. gxf3 
Nxf3 18. Qe3 P@g2+ 19. Kxg2 N@h4+ 20. Kg3 B@f4# 
{venomous resigns} 0-1

[Event "fics rated crazyhouse match"]
[Site "fics, Oklahoma City, OK USA"]
[Date "2000.02.11"]
[White "XXNoWay"]
[WhiteElo "2318"]
[Black "venomous"]
[BlackElo "2437"]
[TimeControl "60+0"]
[Result "1-0"]

1. e4 e6 2. Nc3 Nc6 3. Nf3 Nf6 4. Bb5 Bb4 5. d3 d6 6. O-O 
O-O 7. Bg5 h6 8. Bxf6 Qxf6 9. Bxc6 bxc6 10. N@h5 Qe7 11. Nxg7 B@g4 
12. N@h5 B@g6 13. P@f6 B4xh5 14. fxe7 Kxg7 15. exf8=Q+ Kxf8 16. Q@d8+ N@e8 17. R@h8+ 
N@g8 18. Rxg8+ Kxg8 19. Qxe8+ R@f8 20. N@f6+ Kg7 21. Nxh5+ Bxh5 22. B@f6+ Kxf6 
23. Qxf8 B@g7 24. N@e8+ Kg6 25. Qxg7# 
{venomous checkmated} 1-0

[Event "fics rated crazyhouse match"]
[Site "fics, Oklahoma City, OK USA"]
[Date "2000.02.11"]
[White "Kingwalker"]
[WhiteElo "2201"]
[Black "Ebenfelt"]
[BlackElo "2254"]
[TimeControl "180+0"]
[Result "1-0"]

1. e4 e6 2. d4 Nf6 3. Bd3 d5 4. e5 Ne4 5. Be3 Nc6 6. c3 
Be7 7. Nd2 Bg5 8. Bxe4 Bxe3 9. fxe3 dxe4 10. Nxe4 Qh4+ 11. N@f2 B@f5 
12. B@g5 Qxe4 13. Nxe4 Bxe4 14. Kf1 N@c2 15. Rc1 B@d5 16. Rxc2 Bxc2 17. Qxc2 
R@b1+ 18. Qxb1 N@d2+ 19. Ke2 Nxb1 20. R@d8# 
{Ebenfelt resigns} 1-0

[Event "fics rated crazyhouse match"]
[Site "fics, Oklahoma City, OK USA"]
[Date "2000.02.11"]
[White "venomous"]
[WhiteElo "2426"]
[Black "XXNoWay"]
[BlackElo "2329"]
[TimeControl "60+0"]
[Result "1-0"]

1. b3 d6 2. Bb2 Nf6 3. Nf3 e5 4. e3 Be7 5. Bc4 O-O 6. d4 
d5 7. dxe5 Ng4 8. Bxd5 c6 9. P@f6 Qxd5 10. Qxd5 cxd5 11. fxe7 B@b4+ 
12. B@c3 Bxe7 13. P@f6 P@d3 14. cxd3 Nxf2 15. Kxf2 
{XXNoWay resigns} 1-0

[Event "fics rated crazyhouse match"]
[Site "fics, Oklahoma City, OK USA"]
[Date "2000.02.11"]
[White "XXNoWay"]
[WhiteElo "2323"]
[Black "venomous"]
[BlackElo "2432"]
[TimeControl "60+0"]
[Result "0-1"]

1. e4 e6 2. Nc3 d5 3. Nf3 dxe4 4. Nxe4 P@f5 5. Ng3 Bd7 6. d4 
Bc6 7. Ne5 Nd7 8. Nxc6 bxc6 9. B@b7 Rb8 10. Bxc6 Nf6 11. P@e5 Ng4 
12. Bxd7+ Qxd7 13. Bg5 Nxf2 14. Kxf2 N@g4+ 15. Qxg4 fxg4 16. P@e3 Q@d2+ 17. N@e2 
Qxc2 18. Rc1 Qxb2 19. N@c6 Qxc6 20. Rxc6 N@d3# 
{XXNoWay resigns} 0-1

[Event "fics rated crazyhouse match"]
[Site "fics, Oklahoma City, OK USA"]
[Date "2000.02.11"]
[White "venomous"]
[WhiteElo "2438"]
[Black "XXNoWay"]
[BlackElo "2317"]
[TimeControl "60+0"]
[Result "0-1"]

1. b3 e5 2. Bb2 d6 3. Nf3 Nf6 4. e3 Be7 5. d4 e4 6. Ng5 
d5 7. Bb5+ c6 8. Be2 O-O 9. f3 h6 10. Nxf7 Rxf7 11. O-O N@h4 
12. fxe4 dxe4 13. Nd2 P@h3 14. P@e5 hxg2 15. exf6 gxf1=Q+ 16. Qxf1 P@g2 17. Qxg2 
Nxg2 18. P@h7+ Kxh7 19. P@h5 Nxe3 20. P@g6+ Kh8 21. N@f4 Q@g5+ 22. Kh1 P@g2+ 
23. Kg1 Qxf4 
{venomous resigns} 0-1

[Event "fics rated crazyhouse match"]
[Site "fics, Oklahoma City, OK USA"]
[Date "2000.02.11"]
[White "Ebenfelt"]
[WhiteElo "2245"]
[Black "Kingwalker"]
[BlackElo "2210"]
[TimeControl "180+0"]
[Result "1-0"]

1. e4 e6 2. d4 a6 3. Nc3 b5 4. Nf3 Bb7 5. Bd3 d6 6. O-O 
Nf6 7. Re1 Be7 8. e5 Nd5 9. Ne4 dxe5 10. Nxe5 P@f5 11. Ng3 Bf6 
12. Nh5 O-O 13. P@h6 gxh6 14. Bxh6 P@g7 15. Nxf6+ Qxf6 16. B@g5 Qxh6 17. Bxh6 
gxh6 18. P@e4 fxe4 19. Bxe4 N@f6 20. P@g7 Kxg7 21. Bxd5 Bxd5 22. N@h5+ Nxh5 
23. Qxh5 B@g6 24. Qxh6+ Kxh6 25. N@g4+ Kg5 26. h4+ Kxh4 27. g3+ Kg5 28. Q@f6# 
{Kingwalker resigns} 1-0

[Event "fics rated crazyhouse match"]
[Site "fics, Oklahoma City, OK USA"]
[Date "2000.02.11"]
[White "XXNoWay"]
[WhiteElo "2328"]
[Black "venomous"]
[BlackElo "2427"]
[TimeControl "60+0"]
[Result "0-1"]

1. e4 e6 2. Nc3 b6 3. Nf3 Bb7 4. d4 Nf6 5. d5 exd5 6. exd5 
Qe7+ 7. Be2 P@b4 8. P@e5 bxc3 9. exf6 gxf6 10. bxc3 Rg8 11. P@g3 Na6 
12. N@b5 d6 13. Bf4 P@e5 14. Bxe5 fxe5 15. P@c6 Bc8 16. Nxd6+ Qxd6 17. P@b7 
Bxb7 18. cxb7 Rb8 19. Bxa6 N@c5 20. B@b5+ P@d7 21. N@c6 dxc6 22. dxc6 e4 
23. P@d7+ Ke7 24. Qxd6+ cxd6 25. Q@e8+ Rxe8 26. dxe8=Q+ Kxe8 27. c7+ Ke7 28. c8=Q 
exf3 29. R@e3+ N@e5 30. Qc7+ Kf6 31. Qxc5 P@d2+ 32. Kf1 fxg2+ 33. Kxg2 N@h4+ 
34. Kh3 Q@g4# 
{XXNoWay checkmated} 0-1

[Event "fics rated crazyhouse match"]
[Site "fics, Oklahoma City, OK USA"]
[Date "2000.02.11"]
[White "venomous"]
[WhiteElo "2433"]
[Black "XXNoWay"]
[BlackElo "2322"]
[TimeControl "60+0"]
[Result "0-1"]

1. e4 e5 2. Bc4 d6 3. Nf3 Nf6 4. O-O Be7 5. d4 exd4 6. Nxd4 
P@e5 7. Nf5 Bxf5 8. exf5 O-O 9. P@g6 Kh8 10. gxf7 d5 11. P@h6 Rxf7 
12. hxg7+ Rxg7 13. P@g6 dxc4 14. Qxd8+ Bxd8 15. B@h6 B@f8 16. Bxg7+ Bxg7 17. R@f7 
P@h3 18. Rxg7 N@f3+ 19. Kh1 hxg2+ 20. Kxg2 Nh4+ 21. Kh3 B@g2+ 22. Kxh4 Q@h3+ 
23. Kg5 Ne4# 
{venomous checkmated} 0-1

[Event "fics rated crazyhouse match"]
[Site "fics, Oklahoma City, OK USA"]
[Date "2000.02.11"]
[White "XXNoWay"]
[WhiteElo "2332"]
[Black "venomous"]
[BlackElo "2423"]
[TimeControl "60+0"]
[Result "1-0"]

1. e4 e6 2. Nc3 Nc6 3. Nf3 Bb4 4. Bb5 Nf6 5. d3 d5 6. e5 
Ng4 7. O-O O-O 8. Bxc6 bxc6 9. h3 Nxe5 10. Nxe5 B@d4 11. Bf4 Bbxc3 
12. bxc3 Bxc3 13. Nxc6 Bxa1 14. Nxd8 Bf6 15. Nc6 N@c3 16. Qg4 R@g6 17. N@e7+ 
Bxe7 18. Nxe7+ Kh8 19. Nxg6+ fxg6 20. P@h6 N@e2+ 21. Kh2 Nxf4 22. hxg7+ Kxg7 
23. B@h6+ Kf7 24. Q@g7# 
{venomous resigns} 1-0

[Event "fics rated crazyhouse match"]
[Site "fics, Oklahoma City, OK USA"]
[Date "2000.02.11"]
[White "venomous"]
[WhiteElo "2413"]
[Black "XXNoWay"]
[BlackElo "2342"]
[TimeControl "60+0"]
[Result "0-1"]

1. e4 e5 2. Bc4 d6 3. Nf3 Be7 4. O-O Nf6 5. Nc3 O-O 6. d3 
Bg4 7. Bg5 Nc6 8. h3 Bxf3 9. Qxf3 Nd4 10. Qd1 Nxe4 11. Bxe7 Qxe7 
12. Nxe4 P@e2 13. N@f5 Qd7 14. Nxd4 exd1=Q 15. Raxd1 exd4 16. P@h6 Qxh3 17. N@f6+ 
Kh8 18. hxg7+ Kxg7 19. Ne8+ Raxe8 20. B@f6+ Kg8 21. B@h2 Qxg2# 
{venomous resigns} 0-1

[Event "fics rated crazyhouse match"]
[Site "fics, Oklahoma City, OK USA"]
[Date "2000.02.11"]
[White "XXNoWay"]
[WhiteElo "2352"]
[Black "venomous"]
[BlackElo "2403"]
[TimeControl "60+0"]
[Result "1-0"]

1. e4 e6 2. Nc3 Nc6 3. Nf3 Nf6 4. Bb5 Bb4 5. d3 d5 6. e5 
Ng4 7. O-O O-O 8. Bxc6 bxc6 9. h3 Nxf2 10. Rxf2 P@e4 11. dxe4 Bxc3 
12. bxc3 dxe4 13. Qxd8 Rxd8 14. N@h6+ gxh6 15. N@f6+ Kh8 16. P@g7+ Kxg7 17. Bxh6+ 
Kxh6 18. Q@g5# 
{venomous checkmated} 1-0

[Event "fics rated crazyhouse match"]
[Site "fics, Oklahoma City, OK USA"]
[Date "2000.02.11"]
[White "Kingwalker"]
[WhiteElo "2203"]
[Black "Ebenfelt"]
[BlackElo "2252"]
[TimeControl "180+0"]
[Result "1-0"]

1. e4 e6 2. d4 Nf6 3. Bd3 d5 4. e5 Ne4 5. Be3 Nc6 6. c3 
Be7 7. Nd2 Nxd2 8. Qxd2 N@f5 9. Nh3 h6 10. g4 Nh4 11. O-O-O Bg5 
12. f4 Be7 13. N@h5 Bf8 14. f5 exf5 15. gxf5 Bxf5 16. Bxf5 Nxf5 17. P@f6 
B@e4 18. fxg7 Bxg7 19. Nf2 Bxh1 20. Rxh1 P@g6 21. Nxg7+ Nxg7 22. B@f6 N@c4 
23. Bxd8 Nxd2 24. B@a4 Nf5 25. Bxd2 Rxd8 26. Bxc6+ bxc6 27. B@f6 B@e4 28. N@g7+ 
Kf8 29. P@e7+ Nxe7 30. Ne6+ Ke8 31. N@g7+ Kd7 32. Nc5+ Kc8 33. Q@b7# 
{Ebenfelt checkmated} 1-0

[Event "fics rated crazyhouse match"]
[Site "fics, Oklahoma City, OK USA"]
[Date "2000.02.11"]
[White "venomous"]
[WhiteElo "2394"]
[Black "XXNoWay"]
[BlackElo "2361"]
[TimeControl "60+0"]
[Result "1-0"]

1. e4 e5 2. Nf3 d6 3. Nc3 Nf6 4. Bc4 Be7 5. O-O O-O 6. d4 
exd4 7. Nxd4 P@e5 8. Nf5 Bxf5 9. exf5 N@d4 10. P@g6 Nxf5 11. gxf7+ Rxf7 
12. B@h3 Nd4 13. Bxf7+ Kxf7 14. Be3 Ndc6 15. P@e6+ Kg8 16. Bg5 B@g6 17. Bxf6 
Bxf6 18. N@f7 Bxf7 19. exf7+ Kxf7 20. Qd5# 
{XXNoWay resigns} 1-0

[Event "fics rated crazyhouse match"]
[Site "fics, Oklahoma City, OK USA"]
[Date "2000.02.11"]
[White "XXNoWay"]
[WhiteElo "2354"]
[Black "venomous"]
[BlackElo "2401"]
[TimeControl "60+0"]
[Result "0-1"]

1. e4 e6 2. Nc3 Nf6 3. Nf3 Nc6 4. e5 Nd5 5. Bc4 Nxc3 6. dxc3 
d6 7. Bg5 Be7 8. Bxe7 Qxe7 9. B@h4 f6 10. exf6 gxf6 11. Bxf6 Qxf6 
12. P@g5 Qe7 13. P@f6 Qf7 14. N@g7+ Kd8 15. Nd4 Nxd4 16. Qxd4 N@f5 17. Bxe6 
Bxe6 18. P@d7 Nxd4 19. cxd4 
{XXNoWay resigns} 0-1

[Event "fics rated crazyhouse match"]
[Site "fics, Oklahoma City, OK USA"]
[Date "2000.02.11"]
[White "venomous"]
[WhiteElo "2408"]
[Black "XXNoWay"]
[BlackElo "2347"]
[TimeControl "60+0"]
[Result "1-0"]

1. e4 e5 2. Bc4 d6 3. Nf3 Be7 4. O-O Nf6 5. Nc3 O-O 6. d4 
Bg4 7. dxe5 dxe5 8. Qxd8 Bxf3 9. Qxe7 Bxg2 10. Bxf7+ Rxf7 11. Qxf7+ Kxf7 
12. B@c4+ P@d5 13. P@e6+ Kxe6 14. exd5+ Nxd5 15. Bxd5+ Bxd5 16. N@g5+ Kd6 17. R@d8+ 
P@d7 18. Nce4# 
{XXNoWay resigns} 1-0

[Event "fics rated crazyhouse match"]
[Site "fics, Oklahoma City, OK USA"]
[Date "2000.02.11"]
[White "XXNoWay"]
[WhiteElo "2340"]
[Black "venomous"]
[BlackElo "2415"]
[TimeControl "60+0"]
[Result "1-0"]

1. e4 e6 2. Nc3 Nc6 3. Nf3 Nf6 4. Bb5 Bb4 5. d3 d5 6. e5 
Ng4 7. O-O O-O 8. Bxc6 bxc6 9. h3 Nxf2 10. Rxf2 P@e4 11. dxe4 Bxc3 
12. bxc3 dxe4 13. Qxd8 Rxd8 14. N@h6# 
{venomous resigns} 1-0

[Event "fics rated crazyhouse match"]
[Site "fics, Oklahoma City, OK USA"]
[Date "2000.02.11"]
[White "venomous"]
[WhiteElo "2405"]
[Black "XXNoWay"]
[BlackElo "2350"]
[TimeControl "60+0"]
[Result "1-0"]

1. e4 e5 2. Bc4 d6 3. Nf3 Be7 4. O-O Nf6 5. Nc3 O-O 6. d4 
h6 7. dxe5 dxe5 8. Nxe5 Qxd1 9. Rxd1 P@e6 10. P@g6 fxg6 11. Nxg6 Bc5 
12. Q@h8+ Kf7 13. Ne5+ Ke8 14. P@f7+ Ke7 15. Qxg7 Bxf2+ 16. Kh1 P@d6 17. Ng6+ 
Kd7 18. Qxf8 
{XXNoWay forfeits on time} 1-0

[Event "fics rated crazyhouse match"]
[Site "fics, Oklahoma City, OK USA"]
[Date "2000.02.11"]
[White "Ebenfelt"]
[WhiteElo "2243"]
[Black "Kingwalker"]
[BlackElo "2212"]
[TimeControl "180+0"]
[Result "1-0"]

1. e4 e6 2. d4 Nc6 3. Nf3 Nf6 4. Nc3 Bb4 5. Bd3 d5 6. exd5 
Nxd5 7. Bd2 P@f5 8. O-O Bxc3 9. bxc3 O-O 10. P@h6 gxh6 11. Bxh6 N@g4 
12. B@h4 f6 13. Bxf8 Qxf8 14. P@h3 Nh6 15. Re1 P@e4 16. Bxe4 fxe4 17. Rxe4 
Nxc3 18. Qe1 Nxe4 19. Qxe4 B@f5 20. Qf4 P@g5 21. Qxc7 R@d7 22. Qxd7 Bxd7 
23. Bxg5 fxg5 24. P@f6 Bxh3 25. R@h8+ Kxh8 26. P@g7+ Qxg7 27. fxg7+ Kxg7 28. N@h5+ 
Kf7 29. Q@g7+ Ke8 30. Nf6# 
{Kingwalker resigns} 1-0

[Event "fics rated crazyhouse match"]
[Site "fics, Oklahoma City, OK USA"]
[Date "2000.02.11"]
[White "XXNoWay"]
[WhiteElo "2343"]
[Black "venomous"]
[BlackElo "2412"]
[TimeControl "60+0"]
[Result "1-0"]

1. e4 e6 2. Nc3 Nc6 3. Nf3 Nf6 4. Bb5 Bb4 5. d3 d6 6. O-O 
O-O 7. Bg5 h6 8. Bxf6 Qxf6 9. Bxc6 bxc6 10. N@h5 Qd8 11. Nxg7 B@f6 
12. Nh5 Bbxc3 13. bxc3 Bxc3 14. d4 P@g7 15. P@f6 gxf6 16. B@g7 N@g4 17. Bxf8 
Qxf8 18. R@g3 e5 19. Nxf6+ Kh8 20. Nxg4 Bxg4 21. Rxg4 B@g7 22. N@h5 B@g6 
23. Nxg7 Qxg7 24. N@h5 P@f5 25. Nxg7 fxg4 26. B@f6 Kh7 27. Nf5 N@h3+ 28. gxh3 
R@g8 29. N@g5# 
{venomous resigns} 1-0

[Event "fics rated crazyhouse match"]
[Site "fics, Oklahoma City, OK USA"]
[Date "2000.02.11"]
[White "venomous"]
[WhiteElo "2402"]
[Black "XXNoWay"]
[BlackElo "2353"]
[TimeControl "60+0"]
[Result "0-1"]

1. e4 e5 2. Nf3 d6 3. Bc4 Be7 4. O-O Nf6 5. Nc3 O-O 6. d4 
Bg4 7. dxe5 dxe5 8. Qxd8 Bxd8 9. Nxe5 P@h3 10. Nxg4 Nxg4 11. B@f3 hxg2 
12. Bxg2 P@h3 13. Bxh3 N@f3+ 14. Kh1 Nxf2+ 15. Kg2 Nxh3 16. Kxf3 P@g4+ 17. Ke2 
B@f3+ 18. Kd2 Bg5+ 19. P@e3 Q@d4+ 20. Q@d3 Bxe3+ 21. Ke1 P@f2+ 22. Rxf2 Bxf2+ 
23. Kf1 R@g1# 
{venomous checkmated} 0-1

[Event "fics rated crazyhouse match"]
[Site "fics, Oklahoma City, OK USA"]
[Date "2000.02.11"]
[White "XXNoWay"]
[WhiteElo "2362"]
[Black "venomous"]
[BlackElo "2393"]
[TimeControl "60+0"]
[Result "0-1"]

1. e4 e6 2. Nc3 Nc6 3. Nf3 Bb4 4. Bb5 Nf6 5. d3 a6 6. Bxc6 
dxc6 7. O-O B@h5 8. e5 Nd5 9. Nxd5 exd5 10. c3 Be7 11. N@g3 Bcg4 
12. Nxh5 Bxh5 13. N@g3 Bxf3 14. Qxf3 N@h4 15. Qg4 N@g6 16. B@g5 Bxg5 17. Bxg5 
B@e7 18. Bxe7 Qxe7 19. B@g5 Qxg5 20. Qxg5 N@f3+ 21. Kh1 Nxg5 22. B@g4 B@d7 
23. Bxd7+ Kxd7 24. B@g4+ B@e6 25. Bxe6+ fxe6 26. B@g4 B@f5 27. Nxf5 Nxf5 28. Bxf5 
B@e7 29. Bxe6+ Nxe6 30. B@f5 B@f7 31. B@g4 N@c5 32. Bxe6+ Bxe6 33. P@f5 B@f7 
34. fxe6+ Bxe6 35. B@f5 P@f7 36. Bxe6+ fxe6 37. Bxe6+ Nxe6 38. P@f5 Ngf4 39. fxe6+ 
Nxe6 40. Q@f7 Q@f8 41. Qxf8 Raxf8 42. B@g4 P@f5 43. N@a4 B@b6 44. Nxb6+ cxb6 
45. B@f7 Rxf7 46. N@a4 B@c7 47. Nxb6+ Bxb6 48. N@a4 B@c7 49. P@d6 Bexd6 50. exd6 
fxg4 51. Nxb6+ Bxb6 52. B@f5 P@f3 53. Q@e7+ Rxe7 
{XXNoWay forfeits on time} 0-1

[Event "fics rated crazyhouse match"]
[Site "fics, Oklahoma City, OK USA"]
[Date "2000.02.11"]
[White "Kingwalker"]
[WhiteElo "2205"]
[Black "Ebenfelt"]
[BlackElo "2250"]
[TimeControl "180+0"]
[Result "0-1"]

1. e4 e5 2. Nf3 Nc6 3. Bc4 Bc5 4. d3 Nf6 5. c3 h6 6. b4 
Bb6 7. a4 d5 8. exd5 Nxd5 9. O-O Bg4 10. b5 Nce7 11. Ba3 P@d6 
12. P@e4 Nf4 13. Bxf7+ Kxf7 14. Nxe5+ dxe5 15. Qxg4 B@h5 16. P@e6+ Kg8 17. B@f7+ 
Kh7 18. Bxh5 g6 19. Bxg6+ Nexg6 20. B@f5 Rg8 21. P@f7 Rg7 22. e7 B@h5 
23. Qxg6+ Bxg6 24. N@f6+ Kh8 25. exd8=Q+ Rxd8 26. P@g5 Bxf5 27. Q@f3 B@h5 28. f8=Q+ 
Rxf8 29. Bxf8 N@e2# 
{Kingwalker forfeits on time} 0-1

[Event "fics rated crazyhouse match"]
[Site "fics, Oklahoma City, OK USA"]
[Date "2000.02.11"]
[White "venomous"]
[WhiteElo "2400"]
[Black "XXNoWay"]
[BlackElo "2355"]
[TimeControl "60+0"]
[Result "0-1"]

1. e4 e5 2. Bc4 d6 3. Nf3 Be7 4. O-O Nf6 5. Nc3 O-O 6. d4 
Bg4 7. dxe5 dxe5 8. Qxd8 Bxd8 9. Nxe5 P@h3 10. Nxg4 Nxg4 11. B@f3 hxg2 
12. Bxg2 P@h3 13. Q@g3 hxg2 14. Qxg2 N@h4 15. Qxg4 B@f3 16. N@h6+ Kh8 17. Qxf3 
Nxf3+ 18. Kh1 Q@h3 19. B@g2 Qxh2# 
{venomous checkmated} 0-1

[Event "fics rated crazyhouse match"]
[Site "fics, Oklahoma City, OK USA"]
[Date "2000.02.11"]
[White "XXNoWay"]
[WhiteElo "2364"]
[Black "venomous"]
[BlackElo "2391"]
[TimeControl "60+0"]
[Result "0-1"]

1. e4 e6 2. Nc3 Nc6 3. Nf3 Nf6 4. Bb5 Bb4 5. d3 a6 6. Bxc6 
dxc6 7. e5 Nd5 8. O-O Bxc3 9. bxc3 Nxc3 10. N@h5 Nxd1 11. Nxg7+ Kf8 
12. B@f6 N@e2+ 13. Kh1 P@e7 14. Nxe6+ Bxe6 15. P@g7+ Ke8 16. gxh8=Q+ Kd7 17. Qxd8+ 
Rxd8 18. Bxe7 P@g4 19. R@d4+ B@d5 20. Rxd5+ Bxd5 21. B@f5+ R@e6 22. Bxg4 Bxf3 
23. Bxe6+ fxe6 24. R@d4+ B@d5 25. Rxd5+ Bxd5 26. B@e8+ Rxe8 27. Bh4 Bxg2+ 28. Kxg2 
N@f4+ 29. Bxf4 Nxf4+ 30. Kf3 Q@e2# 
{XXNoWay resigns} 0-1

[Event "fics rated crazyhouse match"]
[Site "fics, Oklahoma City, OK USA"]
[Date "2000.02.11"]
[White "venomous"]
[WhiteElo "2398"]
[Black "XXNoWay"]
[BlackElo "2357"]
[TimeControl "60+0"]
[Result "1-0"]

1. e4 e5 2. Bc4 d6 3. Nf3 Be7 4. O-O Nf6 5. c3 Nxe4 6. Re1 
Nf6 7. d4 e4 8. Ng5 d5 9. Bb5+ c6 10. Be2 O-O 11. Bf4 P@h6 
12. Nxf7 Rxf7 13. Nd2 Na6 14. P@f3 exf3 15. Nxf3 P@g5 16. Ne5 gxf4 17. Nxf7 
Kxf7 18. Bxa6 bxa6 19. N@e5+ Kf8 20. Nxc6 Qc7 21. Nxe7 B@e4 22. R@h8+ B@g8 
23. Nxg8 Nxg8 24. P@f3 N@g5 25. fxe4 N@h3+ 26. gxh3 Nxh3+ 27. Kf1 P@g2+ 28. Kxg2 
N@h4+ 29. Kf1 f3 30. Rxg8+ Kxg8 31. Qxf3 Nxf3 32. B@g2 R@g1+ 33. Ke2 Rxg2 
34. N@e3 B@c4+ 35. Kd1 Rxf2 36. B@e2 Bxe2+ 37. Kc1 B@d2+ 38. Kc2 Bd3+ 39. Kxd3 
Q@c4+ 40. Nxc4 Qxc4+ 41. Kc2 P@d3+ 42. Kd1 Bxc3 43. Q@e8# 
{XXNoWay forfeits on time} 1-0

[Event "fics rated crazyhouse match"]
[Site "fics, Oklahoma City, OK USA"]
[Date "2000.02.11"]
[White "XXNoWay"]
[WhiteElo "2350"]
[Black "venomous"]
[BlackElo "2405"]
[TimeControl "60+0"]
[Result "1-0"]

1. e4 e6 2. Nc3 Nc6 3. Nf3 Nf6 4. Bb5 Bb4 5. d3 d5 6. e5 
Ng4 7. Bxc6+ bxc6 8. O-O B@h5 9. h3 Nxe5 10. Nxe5 Bxd1 11. Rxd1 Bxc3 
12. bxc3 Q@e2 13. Bf4 P@g5 14. B@f3 Qxc2 15. B@b3 Qxc3 16. Nxf7 Kxf7 17. N@e5+ 
Qxe5 18. Bxe5 P@f6 19. Bxc7 Qxc7 20. P@h5 B@f5 21. P@g4 P@h2+ 22. Kh1 e5 
23. gxf5 Bxf5 24. B@g4 Bxg4 25. Bxg4 P@e6 26. Bxe6+ Kxe6 27. B@f5+ Kxf5 28. Q@g4# 
{venomous checkmated} 1-0

[Event "fics rated crazyhouse match"]
[Site "fics, Oklahoma City, OK USA"]
[Date "2000.02.11"]
[White "Ebenfelt"]
[WhiteElo "2257"]
[Black "Kingwalker"]
[BlackElo "2198"]
[TimeControl "180+0"]
[Result "1-0"]

1. e4 e6 2. d4 a6 3. Nf3 b5 4. Bd3 Bb7 5. O-O d6 6. Re1 
Nd7 7. c4 bxc4 8. Bxc4 Be7 9. d5 Nc5 10. dxe6 fxe6 11. P@d5 exd5 
12. exd5 P@e4 13. P@e6 Nf6 14. Ng5 P@b5 15. Nf7 bxc4 16. Nxd8 Kxd8 17. Bg5 
Nxd5 18. Bxe7+ Nxe7 19. B@d4 Nxe6 20. Bxg7 Rg8 21. P@f6 Nf5 22. P@f7 Kd7 
23. fxg8=Q Rxg8 24. R@f7+ P@e7 25. fxe7 B@e8 26. Rxf5 Rxg7 27. N@e5+ Kc8 28. P@g3 
B@b6 29. Q@f6 B@d7 30. Qxg7 Kb8 31. R@d8+ Ka7 32. Qh8 dxe5 33. Qxd7 Bxf2+ 
34. Rxf2 Bxd7 35. e8=Q Bxe8 36. Qxe8 N@d3 37. B@b8+ Kb6 38. Bxc7+ Nxc7 39. P@a5+ 
Kxa5 40. Rxd3 exd3 41. B@c3+ P@b4 42. Bxb4+ Kxb4 43. a3+ Kc5 44. B@b4+ Kb6 
45. P@c5+ Ka7 46. N@c6+ Bxc6 47. Qxc6 R@b7 48. B@b6+ Kb8 49. Qxb7+ Kxb7 50. R@a7+ 
Kc6 51. Rxc7+ Kb5 52. N@c3# 
{Kingwalker checkmated} 1-0

[Event "fics rated crazyhouse match"]
[Site "fics, Oklahoma City, OK USA"]
[Date "2000.02.11"]
[White "venomous"]
[WhiteElo "2396"]
[Black "XXNoWay"]
[BlackElo "2359"]
[TimeControl "60+0"]
[Result "1-0"]

1. e4 e5 2. Nf3 Nf6 3. Nc3 d6 4. d3 Be7 5. Bg5 O-O 6. Be2 
Bg4 7. O-O Bxf3 8. Bxf3 N@d4 9. B@b3 Nxf3+ 10. Qxf3 Nc6 11. N@f5 Nd4 
12. Qg3 Nxf5 13. exf5 B@f4 14. Bxf4 exf4 15. Qxf4 B@e5 16. Qd2 Bxc3 17. bxc3 
N@e4 18. dxe4 Nxe4 19. Qe3 d5 20. P@g6 fxg6 21. fxg6 hxg6 22. B@e6+ P@f7 
23. Bexd5 Nf6 24. Bxf7+ Kh8 25. Qh3+ P@h6 26. Bxg6 N@f4 27. Qf3 Nd7 28. N@f7+ 
Rxf7 29. Bgxf7 Ne5 30. Qe4 P@f5 31. Qxf5 g6 32. Bxg6 Nexg6 33. N@f7+ Kg7 
34. Nxd8 B@f6 35. Q@f7# 
{XXNoWay resigns} 1-0

[Event "fics rated crazyhouse match"]
[Site "fics, Oklahoma City, OK USA"]
[Date "2000.02.11"]
[White "Kingwalker"]
[WhiteElo "2191"]
[Black "Ebenfelt"]
[BlackElo "2264"]
[TimeControl "180+0"]
[Result "1-0"]

1. e4 e5 2. Nf3 Bc5 3. Bc4 Nf6 4. d3 O-O 5. Nxe5 d5 6. exd5 
Bxf2+ 7. Kxf2 Nxd5 8. Bxd5 Qxd5 9. N@e7+ Kh8 10. Nxd5 B@d4+ 11. Be3 Bxe5 
12. P@e7 Re8 13. B@d4 N@g4+ 14. Qxg4 Bxg4 15. Q@f8+ Q@g8 16. Nbc3 Rxf8 17. exf8=Q 
Qxf8 18. Bxe5 P@f6 19. P@e7 Qg8 20. R@f8 Nd7 21. Rxa8 Qxa8 22. R@d8+ Qxd8 
23. exd8=Q+ R@g8 24. Qxg8+ Kxg8 25. N@e7+ Kf8 26. Q@g8# 
{Ebenfelt checkmated} 1-0

[Event "fics rated crazyhouse match"]
[Site "fics, Oklahoma City, OK USA"]
[Date "2000.02.11"]
[White "XXNoWay"]
[WhiteElo "2352"]
[Black "venomous"]
[BlackElo "2403"]
[TimeControl "60+0"]
[Result "0-1"]

1. e4 e6 2. Nc3 Nc6 3. Nf3 Bb4 4. Bb5 Bxc3 5. dxc3 Nf6 6. e5 
Nd5 7. Bxc6 dxc6 8. Bg5 B@e7 9. Bxe7 Qxe7 10. B@h4 f6 11. exf6 gxf6 
12. N@h5 P@g7 13. P@e4 N@f4 14. exd5 exd5+ 15. B@e3 Nxg2+ 16. Kd2 Nxh4 17. Nxh4 
B@g4 18. f3 Bxh5 19. N@f5 Bxf5 20. Nxf5 N@c4+ 21. Kc1 P@a3 22. Rb1 axb2+ 
23. Rxb2 B@a3 24. B@a1 Bxb2+ 25. Bxb2 P@a3 26. Bxa3 Qxa3# 
{XXNoWay resigns} 0-1

[Event "fics rated crazyhouse match"]
[Site "fics, Oklahoma City, OK USA"]
[Date "2000.02.11"]
[White "venomous"]
[WhiteElo "2410"]
[Black "XXNoWay"]
[BlackElo "2345"]
[TimeControl "60+0"]
[Result "0-1"]

1. e4 e6 2. Nf3 d5 3. exd5 exd5 4. Bb5+ c6 5. Be2 Nf6 6. d3 
Bb4+ 7. c3 Bd6 8. P@e5 Bxe5 9. Nxe5 O-O 10. O-O Bf5 11. B@h4 P@h3 
12. gxh3 Bxh3 13. P@g2 Bxg2 14. Kxg2 Nbd7 15. Nxd7 Qxd7 16. B@h3 P@g4 17. Bexg4 
Nxg4 18. Bxg4 P@f5 19. N@e5 fxg4 20. Nxd7 B@f3+ 21. Qxf3 gxf3+ 22. Kxf3 P@g4+ 
23. Kxg4 f5+ 24. Kf3 B@g4+ 25. Ke3 Q@e2+ 26. Kd4 N@e6# 
{venomous checkmated} 0-1

[Event "fics rated crazyhouse match"]
[Site "fics, Oklahoma City, OK USA"]
[Date "2000.02.11"]
[White "XXNoWay"]
[WhiteElo "2354"]
[Black "venomous"]
[BlackElo "2401"]
[TimeControl "60+0"]
[Result "1-0"]

1. e4 e6 2. Nc3 Nc6 3. Nf3 Bb4 4. Bb5 Nf6 5. d3 a6 6. Bxc6 
dxc6 7. Bg5 B@h5 8. e5 h6 9. exf6 hxg5 10. fxg7 Rg8 11. P@h7 Rxg7 
12. h8=Q+ B@f8 13. Qxg7 Bxg7 14. R@g8+ Bbf8 15. N@g3 Bxf3 16. Qxf3 N@d4 17. Qd1 
P@f4 18. Nge4 P@e3 19. O-O exf2+ 20. Rxf2 P@e3 21. Rf1 Qe7 22. N@h5 Kd7 
23. P@f6 Bxf6 24. Nhxf6+ Kd8 25. B@g7 P@f2+ 26. Kh1 Nf5 27. Bxf8 
{venomous resigns} 1-0